[Event "Lithuanian Chess League 2021"]
[Site "Various cities"]
[Date "2021.05.14"]
[Round "5.25"]
[White "Gavenavicius, Karolis"]
[Black "Cirtautas, Saulius"]
[Result "0-1"]
[WhiteElo "1134"]
[BlackElo "1931"]
[PlyCount "86"]
[TimeControl "90/40+30:0"]
[WhiteClock "0:01:04"]
[BlackClock "0:27:30"]

1. e4 Nf6 2. Nc3 d6 3. d4 g6 4. Nf3 Bg7 5. Be2 O-O 6. O-O Nc6 7. h3 h6 8. Be3 a6 9. a4 e5 10. dxe5 dxe5 11. Bc4 Be6 12. Bxe6 fxe6 13. Bc5 Qxd1 14. Rfxd1 Rfd8 15. Kf1 Kf7 16. Ke2 Nd7 17. Be3 Nb6 18. Bxb6 cxb6 19. Na2 Nd4+ 20. Nxd4 Rxd4 21. Nc3 Rc8 22. f3 h5 23. Rd3 Rc7 24. Rad1 Ke7 25. R1d2 Bf6 26. Kd1 Bg7 27. Rxd4 exd4 28. Ne2 e5 29. Nc1 Bh6 30. Rd3 Bxc1 31. Kxc1 g5 32. Kd2 Rc4 33. Rb3 Rc6 34. Kd3 h4 35. Ra3 Kd7 36. Rb3 Kc7 37. Ra3 Rc5 38. c3 dxc3 39. Rxc3 Kc6 40. Rc4 b5 41. axb5+ Kxb5 42. Rxc5+ Kxc5 43. Ke3 a5 0-1